Map: Triton LE

Players

Tutu - Winner!

  • Race: Protoss Protoss
  • League: Master
  • Spawn Location: 5:00

Mez

  • Race: Terran Terran
  • League: Master
  • Spawn Location: 11:00

VOD

Have the link to the VOD?

Description

Time

  • Played on: Aug. 23, 2019, 6:21 p.m.
  • Length: 23:00
Show
View Real Time Build Order
Export as new Build Order

Tutu Protoss - Winner!

Build Orders: 1 Gate Expand, Oracle Opening, Zealot Archon, Colossus Rush 

Get SALT Encoding   

  12  0:00  Probe  
  13  0:13  Probe  
  14  0:17  Pylon  
  14  0:24  Probe  
  15  0:32  Probe  
  15  0:39  Gateway  
  15  0:40  Probe  
  16  0:48  Assimilator  
  17  0:53  Probe  
  18  1:05  Probe  
  19  1:13  Probe  
  20  1:21  Probe  
  20  1:32  Nexus  
  20  1:46  Cybernetics Core  
  20  1:51  Pylon  
  20  1:53  Probe  
  21  2:00  Assimilator  
  21  2:02  Probe  
  22  2:10  Probe  
  23  2:19  Probe  
  23  2:24  Warp Gate, Stargate  
  24  2:35  Stalker  
  26  2:47  Probe  
  26  2:59  Probe  
  26  3:03  Oracle  
  26  3:05  Stalker  
  27  3:08  Probe  
  27  3:09  Probe  
  28  3:17  Probe  
  31  3:20  Probe  
  31  3:25  Probe  
  33  3:33  Probe  
  35  3:37  Gateway, Probe  
  36  3:45  Probe  
  37  3:48  Pylon  
  37  3:49  Probe  
  38  3:57  Probe  
  38  4:01  Robotics Facility  
  38  4:02  Probe  
  40  4:09  Probe  
  41  4:10  Twilight Council  
  41  4:14  Probe  
  39  4:26  Probe x2  
  39  4:28  Stalker  
  39  4:31  Oracle  
  46  4:36  Probe x2  
  46  4:37  Pylon  
  46  4:38  Assimilator  
  46  4:42  Assimilator  
  46  4:44  Probe x2  
  48  4:48  Observer  
  51  4:53  Probe x2  
  51  4:59  Gateway  
  53  5:01  Gateway  
  53  5:05  Probe  
  54  5:07  Probe  
  59  5:17  Probe  
  59  5:19  Robotics Bay  
  56  5:23  Stalker  
  56  5:24  Stalker  
  60  5:30  Probe x2  
  60  5:32  Blink  
  62  5:43  Nexus  
  62  5:45  Pylon  
  62  5:54  Colossus  
  62  6:03  Pylon  
  62  6:11  Gateway x2  
  67  6:15  Shield Battery  
  67  6:16  Pylon x2  
  67  6:24  Templar Archives  
  67  6:26  Probe x2  
  67  6:28  Zealot  
  71  6:36  Extended Thermal Lance  
  71  6:38  Probe  
  71  6:39  Colossus  
  72  6:43  Probe  
  70  6:50  Probe  
  77  6:55  Probe  
  77  6:59  Probe  
  79  7:03  Probe  
  79  7:05  Assimilator  
  79  7:07  Probe, Assimilator  
  81  7:11  Forge, Probe  
  81  7:14  Forge  
  81  7:15  Probe  
  83  7:17  Pylon  
  83  7:18  Colossus  
  83  7:19  Probe  
  83  7:21  Pylon  
  83  7:22  High Templar x2  
  88  7:26  Probe  
  88  7:27  Probe  
  88  7:29  Probe  
  90  7:33  Charge  
  97  7:38  Archon  
  97  7:43  Stalker x2  
  101  7:44  Zealot x2, Probe x2  
  101  7:48  Protoss Ground Weapons Level 1  
  101  7:50  Probe  
  108  7:54  Protoss Ground Armor Level 1  
  108  7:56  Psionic Storm  
  108  8:01  Zealot x2  
  112  8:10  High Templar  
  114  8:15  Gateway  
  114  8:17  Gateway  
  114  8:18  Zealot  
  114  8:19  Zealot x2  
  120  8:20  Pylon  
  120  8:35  Zealot x2  
  102  8:48  Zealot x2  
  102  8:49  Zealot x2  
  102  8:50  Pylon  
  97  8:57  Zealot x2  
  95  9:09  Zealot x4  
  103  9:11  Zealot  
  103  9:18  Zealot x2  
  103  9:20  Colossus  
  105  9:27  Stalker  
  113  9:35  Probe x2  
  113  9:36  Probe  
  116  9:40  Protoss Ground Weapons Level 2  
  116  9:44  Protoss Ground Armor Level 2  
  116  9:46  High Templar x2  
  116  9:47  Probe, High Templar  
  116  9:48  Zealot x2  
  116  9:50  Pylon  
  126  10:09  Zealot  
  126  10:10  Zealot x3  
  126  10:11  Stalker  
  126  10:14  Warp Prism  
  134  10:26  Probe x2  
  134  10:27  High Templar, Nexus  
  140  10:34  Pylon  
  140  10:35  Pylon x2  
  140  10:37  Pylon  
  140  10:38  Pylon  
  140  10:42  Pylon  
  121  10:51  Archon  
  121  10:53  Zealot x3  
  121  10:54  Zealot  
  121  10:55  Zealot x2  
  122  11:03  Zealot  
  122  11:04  Zealot  
  108  11:21  Zealot x4  
  108  11:23  Colossus  
  108  11:33  Probe x2  
  108  11:35  High Templar x3  
  108  11:36  High Templar  
  108  11:38  Probe  
  125  11:41  Probe  
  125  11:45  Probe  
  127  11:55  High Templar x2  
  127  11:59  Protoss Ground Weapons Level 3  
  131  12:05  Gateway  
  131  12:07  Gateway, Stalker x2  
  135  12:08  Stalker x3  
  135  12:09  Gateway  
  135  12:11  High Templar  
  143  12:18  Probe x4  
  143  12:21  Protoss Ground Armor Level 3  
  137  12:23  Pylon  
  137  12:26  Zealot x3  
  143  12:30  Probe x3  
  146  12:37  Zealot x4  
  156  12:53  Warp Prism  
  156  12:56  Zealot  
  158  13:07  Pylon, High Templar x4  
  158  13:08  Zealot x2, High Templar  
  158  13:10  Zealot  
  174  13:21  High Templar x2  
  174  13:22  Photon Cannon, High Templar  
  174  13:25  Photon Cannon  
  180  13:29  Observer  
  180  13:32  Zealot x2  
  184  13:37  Stalker  
  187  13:43  Stalker x4  
  187  13:44  Stalker  
  197  13:51  Nexus  
  197  13:56  Pylon  
  197  14:00  Observer  
  198  14:20  Pylon  
  198  14:22  Observer  
  199  14:25  Dark Shrine  
  199  14:33  Pylon  
  199  14:41  Pylon  
  199  14:46  Pylon  
  199  14:51  Protoss Shields Level 1  
  199  14:53  Pylon  
  199  14:56  Stargate  
  199  14:58  Stargate  
  199  15:07  Gateway  
  199  15:08  Probe  
  199  15:10  Gateway  
  200  15:20  Pylon  
  186  15:54  Zealot x3  
  186  15:56  Dark Templar x2  
  188  16:08  Archon  
  188  16:09  Archon  
  183  16:14  Archon x4  
  183  16:15  Colossus, Archon  
  183  16:16  Zealot  
  183  16:17  Zealot x5  
  183  16:18  Zealot x3  
  90  16:36  High Templar  
  90  16:37  High Templar  
  90  16:38  Zealot x7  
  90  16:39  Zealot x3  
  108  16:51  Dark Templar  
  108  16:53  Colossus  
  106  17:03  Fleet Beacon  
  106  17:09  Zealot x3  
  106  17:10  High Templar x3, Zealot  
  106  17:11  Zealot x3  
  130  17:23  Zealot  
  130  17:29  Zealot x3  
  138  17:30  Zealot x2  
  138  17:37  Zealot x4  
  144  17:40  Colossus  
  145  17:44  Stalker  
  145  17:49  Stalker x6  
  163  18:04  Stalker  
  163  18:05  Stalker x5  
  175  18:08  Zealot  
  175  18:09  Tempest  
  177  18:15  Dark Templar x3  
  188  18:33  Colossus, Assimilator  
  188  18:34  Assimilator  
  188  18:35  Assimilator  
  188  18:38  Assimilator  
  188  18:40  Nexus  
  191  19:03  Zealot x3  
  191  19:04  Zealot x2  
  191  19:08  Zealot x2  
  199  19:22  Pylon  
  155  19:45  Zealot  
  141  19:46  Zealot x3  
  141  19:47  Tempest x2  
  141  19:51  Zealot x2  
  141  19:52  Zealot x7  
  143  19:53  Zealot x3  
  143  19:55  Tempest  
  160  20:05  Dark Templar  
  162  20:20  High Templar x6  
  162  20:21  Warp Prism  
  174  20:35  Assimilator  
  176  20:39  Dark Templar x2  
  176  20:40  Dark Templar  
  182  20:48  Assimilator  
  180  20:52  Stalker  
  180  20:53  Stalker x3  
  180  20:54  Zealot x2  
  180  20:55  Zealot x2  
  196  21:16  High Templar x2  
  200  21:22  Probe  
  200  21:23  Probe x3  
  181  21:34  Probe  
  181  21:35  Probe x3  
  181  21:37  Nexus  
  166  21:45  Archon x3  
  166  21:46  Probe  
  127  21:47  Probe x3  
  127  21:48  Zealot x2  
  127  21:49  Zealot x6  
  127  21:50  Zealot x5  
  127  21:53  Archon  
  133  21:58  Probe  
  133  21:59  Probe  
  120  22:02  Warp Prism  
  120  22:05  Nexus  
  120  22:14  Dark Templar  
  118  22:26  Stalker  
  107  22:45  Dark Templar x2  
  111  22:52  Assimilator  
Show
View Real Time Build Order
Export as new Build Order

Mez Terran 

Build Orders: Reaper Expand 

Get SALT Encoding   

  12  0:00  SCV  
  13  0:13  SCV  
  14  0:17  Supply Depot  
  14  0:25  SCV  
  15  0:39  SCV  
  15  0:40  Barracks  
  16  0:45  Refinery  
  16  0:51  SCV  
  17  1:06  SCV  
  18  1:21  SCV  
  19  1:31  Reaper  
  20  1:34  Orbital Command  
  20  1:42  Command Center  
  20  1:51  Bunker  
  20  2:00  SCV  
  21  2:02  Supply Depot  
  21  2:03  Marine  
  22  2:12  SCV  
  23  2:24  Marine  
  23  2:25  SCV  
  25  2:51  Factory  
  25  3:01  SCV  
  25  3:02  Orbital Command  
  25  3:05  Command Center  
  26  3:07  Barracks Reactor  
  25  3:13  SCV  
  25  3:19  Refinery  
  26  3:25  SCV  
  27  3:30  SCV  
  28  3:36  Widow Mine, Starport  
  28  3:37  SCV  
  31  3:42  SCV  
  31  3:43  Marine x2  
  34  3:50  SCV  
  34  3:54  SCV  
  36  3:56  Barracks  
  36  3:58  Barracks  
  36  4:00  Widow Mine  
  36  4:02  Marine x2, SCV  
  40  4:06  SCV  
  42  4:14  Starport Tech Lab, SCV  
  43  4:18  Orbital Command  
  43  4:21  Marine x2  
  43  4:22  SCV  
  45  4:26  SCV  
  46  4:33  Factory Tech Lab  
  46  4:34  Raven, SCV  
  46  4:38  SCV  
  50  4:46  Refinery, SCV  
  50  4:48  Barracks Tech Lab x2  
  50  4:49  Marine x2  
  50  4:50  SCV x2  
  55  4:53  Refinery  
  55  4:58  Cyclone  
  58  5:00  SCV  
  58  5:02  SCV  
  60  5:09  Marine  
  61  5:15  Barracks  
  61  5:17  Barracks  
  61  5:18  Supply Depot  
  61  5:19  Supply Depot  
  61  5:20  Supply Depot, SCV x2, Marine x3  
  61  5:21  Stimpack  
  66  5:27  Barracks  
  66  5:28  Starport Reactor  
  66  5:34  Barracks  
  66  5:35  SCV x2  
  68  5:42  Marauder x2, Marine x2  
  74  5:48  Engineering Bay  
  74  5:49  Supply Depot, Engineering Bay  
  74  5:51  Supply Depot  
  74  5:56  SCV x3  
  77  6:01  Supply Depot, Marine  
  77  6:03  Marauder  
  80  6:09  Marauder, Orbital Command, Marine  
  83  6:16  Marauder  
  83  6:18  Combat Shield  
  85  6:19  Marine  
  85  6:20  Medivac  
  88  6:27  Missile Turret  
  88  6:31  Missile Turret  
  88  6:32  Factory Reactor  
  88  6:37  SCV x3  
  91  6:45  Marauder  
  91  6:46  Marauder x2  
  97  6:47  Terran Infantry Armor Level 1, Terran Infantry Weapons Level 1  
  97  6:56  SCV x2  
  97  6:57  SCV  
  97  7:01  Medivac  
  102  7:03  Medivac  
  102  7:06  Supply Depot  
  102  7:07  Concussive Shells  
  104  7:10  Supply Depot  
  104  7:22  Marauder, Marine x2  
  108  7:23  Marauder  
  108  7:24  SCV x3  
  108  7:25  Refinery  
  108  7:27  Refinery  
  113  7:30  Armory  
  113  7:31  Medivac  
  113  7:33  Medivac  
  113  7:36  SCV x2  
  119  7:37  Marauder  
  119  7:38  Marauder, SCV  
  126  7:44  Marauder, Supply Depot  
  126  7:45  Supply Depot  
  126  7:48  Supply Depot, SCV x2  
  126  7:50  SCV  
  128  7:58  Starport  
  128  7:59  Ghost Academy  
  128  8:00  SCV x2  
  128  8:03  Marauder, Marine  
  133  8:06  Marauder, Marine  
  133  8:10  Viking  
  133  8:11  Viking  
  140  8:25  Marauder x3, Marine x2  
  148  8:27  Marine  
  135  8:48  Marauder, Marine x3  
  135  8:49  Marauder x2  
  142  9:04  Viking  
  142  9:05  Viking  
  142  9:06  Marine  
  142  9:07  Marauder  
  142  9:08  Viking  
  149  9:10  Marauder x3, SCV  
  149  9:11  SCV  
  155  9:22  Marine  
  148  9:27  Terran Infantry Weapons Level 2  
  148  9:28  Terran Infantry Armor Level 2, Marauder  
  148  9:30  Ghost x2  
  148  9:31  Ghost  
  156  9:46  Terran Ship Weapons Level 1  
  156  9:50  Barracks  
  156  10:04  Barracks  
  156  10:05  Barracks  
  156  10:06  Barracks  
  156  10:09  Viking  
  157  10:22  Marauder, Marine  
  157  10:34  Supply Depot  
  157  10:35  Supply Depot  
  157  10:36  Supply Depot  
  157  10:37  Supply Depot, Viking x2  
  157  10:38  Marauder x2, Marine x2  
  157  10:40  Marauder  
  169  10:44  Marauder  
  162  10:53  Marine x2  
  162  10:55  Marine  
  155  10:59  Marauder x2  
  155  11:00  Viking  
  155  11:01  Marauder  
  140  11:07  Viking  
  135  11:12  Command Center  
  129  11:21  Marauder x3, Marine x4  
  129  11:23  Marauder  
  119  11:36  Viking  
  119  11:37  Viking x2  
  125  12:04  Ghost x4  
  125  12:06  Barracks Tech Lab  
  125  12:07  Barracks Tech Lab, Barracks Reactor, Marine x2  
  125  12:08  Starport  
  134  12:40  Starport Tech Lab  
  134  12:45  Terran Infantry Weapons Level 3, Terran Infantry Armor Level 3, Fusion Core  
  134  12:46  Terran Ship Weapons Level 2, Command Center  
  134  12:48  Starport Reactor  
  134  12:56  Viking  
  136  13:07  Planetary Fortress  
  136  13:10  Missile Turret  
  136  13:17  Marauder x3  
  142  13:38  Sensor Tower, Viking x4  
  142  13:39  Viking  
  152  13:50  Marauder x5  
  162  13:56  Marine x2  
  162  13:57  Marine x2  
  166  14:08  Medivac x4  
  166  14:09  Medivac  
  166  14:15  Planetary Fortress  
  166  14:25  Missile Turret  
  166  14:26  Sensor Tower  
  166  14:27  Ghost x3  
  166  14:28  Ghost x2  
  176  14:36  Ghost, Marine x3  
  176  14:37  Marine  
  182  14:51  Liberator x2  
  182  14:57  Refinery  
  182  15:02  Medivac x3  
  188  15:10  Advanced Ballistics  
  194  15:15  Enhanced Shockwaves  
  194  15:30  Missile Turret  
  194  15:31  Missile Turret x2  
  194  15:34  Missile Turret  
  184  15:49  Ghost x4  
  176  15:50  Marine x5  
  184  16:12  Liberator  
  184  16:13  Liberator x2  
  171  16:25  Marauder x5, Marine x3  
  166  16:26  Marauder, Marine  
  163  17:02  Refinery, Missile Turret  
  163  17:06  Refinery  
  163  17:09  Ghost  
  163  17:10  Ghost x3, Marine x3  
  163  17:11  Marine x3  
  163  17:13  Viking  
  179  17:27  Refinery  
  179  17:28  Marine x4  
  183  17:37  Personal Cloaking  
  183  17:48  Ghost x3  
  183  17:49  Marine x4  
  183  17:50  Marauder x2  
  197  17:53  Viking  
  195  18:21  Viking x2  
  195  18:27  Command Center  
  199  18:44  Missile Turret  
  190  19:14  Missile Turret  
  189  19:21  Command Center  
  127  19:41  Marauder x3, Marine  
  127  19:42  Marauder x2, Viking x5  
  139  19:55  Marine  
  139  19:56  Marauder  
  142  20:12  Viking x2  
  146  20:16  Viking  
  147  20:42  Planetary Fortress  
  144  20:52  Viking  
  144  20:53  Viking x2  
  149  21:09  Viking x2  
  115  21:50  Marauder x3, Marine  
  115  21:51  Marauder x3  
  82  22:29  Refinery  
  76  22:33  Refinery  
Tags
 
Add a new tag
Caveats
  • Supply blocks, unpowered buildings, or Contaminate may cause inaccurate times.
  • Supply counts are checked every 10 seconds.